 Dungeon Crawl Stone Soup version 0.29-a0-982-gaed3a0c8d8 (webtiles) character file.

Game seed: 15834350049788622466

4 MisterAzrael the Conjurer (level 1, 0/10 HPs)
             Began as a Deep Elf Conjurer on Aug 1, 2022.
             Slain by a ball python (1 damage)
             ... on level 1 of the Dungeon.
             The game lasted 00:00:23 (33 turns).

MisterAzrael the Conjurer (Deep Elf Conjurer)         Turns: 33, Time: 00:00:24

Health: 0/10       AC:  2    Str:  4    XL:     1   Next: 50%
Magic:  0/6        EV:  9    Int: 22    God:
Gold:   0          SH:  0    Dex: 13    Spells: 5/6 levels left

rFire   . . .      SeeInvis .   (no weapon)
rCold   . . .      Faith    .   (no shield)
rNeg    . . .      Spirit   .   a - +0 robe
rPois   .          Reflect  .   (no helmet)
rElec   .          Harm     .   (no cloak)
rCorr   .          Rampage  .   (no gloves)
Will    .....                   (no boots)
Stlth   ++........              (no amulet)
HPRegen 0.03/turn               (no ring)
MPRegen 0.10/turn               (no ring)

@: constricted
A: no striking features
a: no special abilities


You were on level 1 of the Dungeon.
You visited 1 branch of the dungeon, and saw 1 of its levels.

Inventory:

Missiles
 d - 3 poisoned darts
Armour
 a - a +0 robe (worn)
Scrolls
 c - a scroll of teleportation {unknown}
Potions
 b - a potion of magic


   Skills:
 - Level 2.4 Dodging
 - Level 2.5 Stealth
 + Level 3.1 Spellcasting
 + Level 4.5 Conjurations


You had 5 spell levels left.
You knew the following spells:

 Your Spells              Type           Power      Damage    Failure   Level
a - Magic Dart            Conj           92%        1d7       1%          1

Your spell library contained the following spells:

 Spells                   Type           Power      Damage    Failure   Level
 Searing Ray              Conj           46%        2d6       3%          2
 Dazzling Flash           Conj/Hex       26%        N/A       14%         3
 Fulminant Prism          Conj/Hex       6%         3d7       43%         4
 Iskenderun's Mystic Bla  Conj/Tloc      13%        2d5       43%         4


Dungeon Overview and Level Annotations

Branches:
Dungeon (1/15)

Altars:


Message History

The ball python bites you but does no damage.
The ball python barely misses you.
The ball python bites you but does no damage.
The ball python grabs you. The ball python constricts you.
The ball python's grasp on you weakens, but your attempt to escape fails.
The bat barely misses you. The ball python bites you.
The ball python constricts you.
Okay, then.
You escape the ball python's grasp.
The bat attacks as you move away! The bat hits you but does no damage. x2
The bat hits you.
There is a staircase leading out of the dungeon here.
The bat misses you. The ball python bites you. The ball python grabs you.
The ball python constricts you.
You escape the ball python's grasp.
The ball python attacks as you move away!
The ball python barely misses you. The bat closely misses you. x2
The bat hits you.
* * * LOW HITPOINT WARNING * * *
The bat hits you but does no damage.
Aiming: Magic Dart (safe; 1% risk of failure)
Press: ? - help, Q - select action, (/) - cycle Shift-Dir - straight line, f - bat
Aim: a bat (100% to hit)
The magic dart hits the bat.
The bat is severely wounded.
The bat hits you.
* * * LOW HITPOINT WARNING * * *
The bat barely misses you.
Aiming: Magic Dart (safe; 1% risk of failure)
Press: ? - help, Q - select action, (/) - cycle Shift-Dir - straight line, f/p - bat
Aim: a bat (severely wounded, 100% to hit)
The magic dart hits the bat.
You kill the bat!
You open the door.
A rat comes into view.
The ball python bites you.
* * * LOW HITPOINT WARNING * * *
The ball python grabs you. The ball python constricts you.
The ball python bites you.
You die...

.##............
.........##.... .
...#..#†## . ..
......#.## ...
....) #..## #...
..... #...##
#..r..... ##....##
#.....#####......##
#.....'@Sl.g<.....#
#.....#####......##
#.... ##....## ....
#...## ... #..## ..
#.## . #+#


You could see a hobgoblin, a ball python, a frilled lizard and a rat (asleep).

Vanquished Creatures
  A ball python (D:1)
  An endoplasm (D:1)
  A bat (D:1)
  A kobold (D:1)
4 creatures vanquished.

Notes
Turn   | Place    | Note
-------+----------+-------------------------------------------
     0 | D:1      | MisterAzrael the Deep Elf Conjurer began the quest for the
                  | Orb.
     0 | D:1      | Reached XP level 1. HP: 10/10 MP: 6/6
    33 | D:1      | Slain by a ball python

Illustrated notes

Levels and vault maps discovered:
D:1:      mrwooster_arrival_arrow, layout_rooms,
          hellmonk_ecumenical_altar_pennies_from_heaven

Action                   || total
-------------------------++-------
 Cast: Magic Dart        ||     8
Armor: Robe              ||     6
Dodge: Dodged            ||    12

Table legend: (Time is in decaauts)
 A = Elapsed time spent in this place.
 B = Non-inter-level travel time spent in this place.
 C = Inter-level travel time spent in this place.
 D = Time resting spent in this place.
 E = Time spent auto-exploring this place.
 F = Levels seen in this place.
 G = Mean time per level.
                   A        B        C        D        E       F      G
               +--------+--------+--------+--------+--------+-----+--------+
         Total |     33 |     33 |      0 |      0 |      3 |   1 |   33.0 |
       Dungeon |     33 |     33 |      0 |      0 |      3 |   1 |   33.0 |
               +--------+--------+--------+--------+--------+-----+--------+

Top non-repeatable levels by time:
     D:1: 33 daAuts
